 Dungeon Crawl Stone Soup version 0.29.1 (webtiles) character file.

Game seed: 14878440031994571150

46 EvilAshe the Slasher (level 3, -1/29 HPs)
             Began as a Human Fighter on Sept 14, 2022.
             Killed from afar by an orc wizard (7 damage)
             ... with a magic dart
             ... on level 3 of the Dungeon.
             The game lasted 00:03:55 (2129 turns).

EvilAshe the Slasher (Human Fighter)                Turns: 2129, Time: 00:03:56

Health: -1/29      AC:  9    Str: 18    XL:     3   Next: 92%
Magic:  3/3        EV:  6    Int:  8    God:
Gold:   160        SH:  4    Dex: 12    Spells: 2/2 levels left

rFire   . . .      SeeInvis .   a - +0 long sword
rCold   . . .      Faith    .   c - +0 buckler
rNeg    . . .      Spirit   .   k - +0 chain mail
rPois   .          Reflect  .   (no helmet)
rElec   .          Harm     .   (no cloak)
rCorr   .          Rampage  .   (no gloves)
Will    .....                   (no boots)
Stlth   ..........              (no amulet)
HPRegen 0.09/turn               (no ring)
MPRegen 0.08/turn               (no ring)

@: mighty
A: no striking features
a: no special abilities


You were on level 3 of the Dungeon.
You visited 1 branch of the dungeon, and saw 4 of its levels.

You collected 160 gold pieces.

Inventory:

Hand Weapons
 a - a +0 long sword (weapon)
Missiles
 h - 11 stones (quivered)
 l - 2 throwing nets
Armour
 c - a +0 buckler (worn)
 k - a +0 chain mail (worn)
Jewellery
 b - a ring of protection from cold
 n - a ring of fire
Scrolls
 e - a scroll of teleportation {unknown}
 f - 2 scrolls of silence {unknown}
 g - 4 scrolls of identify {unknown}
 i - a scroll of fear {unknown}
 j - 2 scrolls of butterflies {unknown}
 o - a scroll of amnesia {unknown}
 p - a scroll of vulnerability {unknown}
 q - 2 scrolls of poison {unknown}
Potions
 d - 2 potions of might
 m - a potion of degeneration {unknown}
 r - 2 potions of heal wounds {unknown}
 s - a potion of mutation {unknown}


   Skills:
 - Level 3.0 Fighting
 * Level 3.9 Long Blades
 - Level 3.0 Armour
 - Level 3.0 Shields


You had 2 spell levels left.
You didn't know any spells.
Your spell library contained the following spells:

 Spells                   Type           Power      Damage    Failure   Level
 Magic Dart               Conj           0%         1d3       100%        1
 Call Imp                 Summ           0%         N/A       100%        2
 Mephitic Cloud           Conj/Pois/Air  0%         N/A       100%        3
 Chain Lightning          Conj/Air       0%         N/A       100%        9
 Fire Storm               Conj/Fire      0%         5d1       100%        9
 Shatter                  Erth           0%         3d5*      100%        9


Dungeon Overview and Level Annotations

Branches:
Dungeon (4/15)
 Temple: D:4-7

Altars:


Message History

The ball python bites you but does no damage.
The ball python constricts you.
You hit the ball python.
You kill the ball python!
You see here a ball python corpse.
You hit the orc but do no damage. The orc hits you but does no damage.
You hit the orc.
The orc is lightly wounded.
The orc hits you with a +0 hand axe. x2
You are too injured to fight recklessly!
You are too injured to fight recklessly!
You barely miss the orc.
The orc is lightly wounded.
The orc wizard shouts!
You hear a bark! x3
The orc hits you but does no damage.
A jackal comes into view. x2
The orc wizard shouts!
The orc attacks as you move away! The orc hits you but does no damage.
The orc wizard gestures wildly while chanting.
The orc wizard flickers and vanishes!
Deactivating autopickup; reactivate with Ctrl-A.
You feel very mighty all of a sudden. You block the orc's attack.
The orc wizard casts a spell at you. The puff of flame hits you!
You closely miss the orc wizard. The orc hits you but does no damage.
The orc wizard hits you with a +0 dagger.
You slash the orc wizard!
The orc wizard is severely wounded.
The orc wizard gestures at you while chanting.
You resist with significant effort.
You closely miss the orc wizard.
The orc wizard is severely wounded.
The orc closely misses you. Something hits you.
The orc wizard hits you but does no damage.
The orc hits you with a +0 hand axe.
* * * LOW HITPOINT WARNING * * *
The orc wizard gestures at you while chanting.
The magic dart hits you!
You die...

#.# #.# #.# #.# #.#
########## #.#####
#o@o......
#####.#...###{########
#...........hh#
#.#.#.......#.#
#.#.#.......†.####.#
#.#.#..............#
###.#.###...###.......h.
....#.# #...# ######.##h
#####.# #<.## #


You could see an orc wizard, an orc and 2 jackals.

Vanquished Creatures
  An adder (D:2)
  A worm (D:2)
  A dart slug (D:3)
  3 ball pythons
  2 endoplasms
  A giant cockroach (D:2)
  4 goblins
  A hobgoblin (D:3)
  3 kobolds
  8 bats
  3 frilled lizards
  A rat (D:1)
29 creatures vanquished.

Notes
Turn   | Place    | Note
-------+----------+-------------------------------------------
     0 | D:1      | EvilAshe the Human Fighter began the quest for the Orb.
     0 | D:1      | Reached XP level 1. HP: 18/18 MP: 1/1
   220 | D:1      | Reached XP level 2. HP: 20/24 MP: 2/2
   430 | D:1      | You fall into a shaft and drop 1 floor!
   509 | D:1      | Found a faded altar of an unknown god.
   880 | D:2      | Reached XP level 3. HP: 18/29 MP: 3/3
  2129 | D:3      | Killed from afar by an orc wizard

Illustrated notes

Levels and vault maps discovered:
D:1:      minmay_arrival_radiant_lines, layout_basic, basic_ecumenical_altar,
          hex_tiny
D:2:      layout_basic
D:3:      layout_loops_ring, serial_shops, nicolae_shop_statue_plus,
          minmay_stone_trees_small
D:4:      layout_rooms, serial_shops, nicolae_take_the_stairs

Skill      XL: |  1  2 |
---------------+-------+-----
Long Blades    | 3 |  3.9
Fighting       | |  3.0
Armour         | |  3.0
Shields        | |  3.0

Action                   || total
-------------------------++-------
Melee: Long sword        ||   124
Throw: Throwing net      ||     2
       Stone             ||     1
  Use: Potion            ||     1
Armor: Scale mail        ||    18
       Chain mail        ||    65
Dodge: Dodged            ||    39
Block: Buckler           ||    40
